 Dungeon Crawl Stone Soup version 0.29-a0-422-gafbd6decc1 (webtiles) character file.

Game seed: 16637016668956972645

4692 holysushi the Nimble (level 10, -16/66 HPs)
             Began as an Octopode Artificer on May 19, 2022.
             Was an Initiate of Gozag.
             Killed from afar by an acid dragon (31 damage)
             ... with a splash of acid
             ... on level 9 of the Dungeon.
             The game lasted 00:15:12 (10953 turns).

holysushi the Nimble (Octopode Artificer)          Turns: 10953, Time: 00:15:13

Health: -16/66     AC: -3    Str: 12    XL:     10   Next: 44%
Magic:  10/10      EV: 21    Int: 14    God:    Gozag
Gold:   147        SH:  0    Dex: 22    Spells: 9/9 levels left

rFire   . . .      SeeInvis .   o - +6 quick blade
rCold   . . .      Faith    .   (no shield)
rNeg    . . .      Spirit   .   (helmet restricted)
rPois   .          Reflect  .   (no amulet)
rElec   .          Harm     .   l - +6 ring of dexterity
rCorr   .          Rampage  .   h - ring of wizardry
Will    .....                   (no ring)
Stlth   +++++.....              (no ring)
HPRegen 0.21/turn               (no ring)
MPRegen 0.12/turn               (no ring)
                                (no ring)
                                (no ring)

@: corroded
A: almost no armour, amphibious, 8 rings, camouflage 1, gelatinous body 1,
(nimble swimmer 1), tentacles
a: Renounce Religion, Potion Petition, Call Merchant, Bribe Branch


You were on level 9 of the Dungeon.
You worshipped Gozag.
Gozag was aware of your devotion.
You visited 2 branches of the dungeon, and saw 10 of its levels.
You also visited: Ossuary.

You collected 1310 gold pieces.
You spent 371 gold pieces at shops.
You paid 792 gold pieces to Gozag.

Inventory:

Hand Weapons
 e - a +0 dagger
 o - a +6 quick blade (weapon)
 r - a +1 rapier
Jewellery
 h - a ring of wizardry (right tentacle)
 l - a +6 ring of dexterity (left tentacle)
Wands
 b - a wand of flame (14) (quivered)
 c - a wand of charming (11)
 d - a wand of iceblast (10)
Scrolls
 a - 5 scrolls of teleportation
 f - a scroll of blinking
 m - 2 scrolls of amnesia
 t - 5 scrolls of identify
 u - 2 scrolls of enchant weapon
 v - 2 scrolls of magic mapping
 y - a scroll of brand weapon {unknown}
Potions
 g - 6 potions of flight
 i - 3 potions of lignification
 j - 3 potions of brilliance
 k - 2 potions of mutation
 n - 3 potions of attraction
 p - a potion of resistance
 q - 2 potions of heal wounds
 s - 2 potions of haste
 w - 3 potions of ambrosia
 x - 2 potions of curing
 z - a potion of invisibility
 A - 2 potions of berserk rage {unknown}


   Skills:
 + Level 5.2 Fighting
 - Level 9.5 Short Blades
 * Level 9.9 Dodging
 - Level 6.0 Stealth
 - Level 3.2 Evocations


You had 9 spell levels left.
You didn't know any spells.
Your spell library contained the following spells:

 Spells                   Type           Power      Damage    Failure   Level
 Magic Dart               Conj           0%         1d3       12%         1
 Corpse Rot               Necr/Air       0%         N/A       17%         2
 Searing Ray              Conj           0%         2d4       17%         2
 Dispel Undead            Necr           0%         3d6       71%         4
 Fulminant Prism          Conj/Hex       0%         3d6       71%         4
 Death Channel            Necr           0%         N/A       100%        6


Dungeon Overview and Level Annotations

Branches:
Dungeon (9/15)             Temple (1/1) D:4         Ossuary (visited)
   Lair: D:8-11         Orc: D:9-12

Altars:
Ashenzari
Cheibriados
Dithmenos
Elyvilon
Fedhas
Gozag
Hepliaklqana
Kikubaaqudgha
Makhleb
Nemelex Xobeh
Okawaru
Qazlal
Ru
Sif Muna
Trog
Uskayaw
Vehumet
Wu Jian
Xom
Yredelemnul
Zin
The Shining One

Shops:
D:5 *:   D:7 =   D:8 !?=

Annotations:
D:3 exclusion: downstairs


Innate Abilities, Weirdness & Mutations

You cannot wear most types of armour.
You are amphibious.
You can wear up to eight rings at the same time.
Your skin changes colour to match your surroundings (Stealth+).
Your rubbery body absorbs attacks. (AC +1, EV +1)
((You are camouflaged when in or above water. (Stealth+)))
You have tentacles for arms and can constrict up to eight enemies at once.


Message History

An acid dragon is nearby!
The acid dragon roars!
You climb upwards.
There is a stone staircase leading down here.
You start resting.
HP restored.
You climb downwards.
There is a stone staircase leading up here.
Unknown command.
The acid dragon spits acid at you. The splash of acid misses you.
You hit the acid dragon. Your squeeze misses the acid dragon.
The acid dragon is lightly wounded.
You barely miss the acid dragon.
You squeeze the acid dragon, but do no damage.
The acid dragon is lightly wounded.
The acid dragon spits acid at you. The splash of acid hits you!!
You hit the acid dragon. You squeeze the acid dragon.
The acid dragon is moderately wounded.
You puncture the acid dragon!
The acid dragon is heavily wounded.
Unknown command.
You hit the acid dragon.
The acid dragon is heavily wounded.
The acid dragon spits acid at you. The splash of acid hits you!!
* * * LOW HITPOINT WARNING * * *
The acid corrodes you!
Unknown command.
You hit the acid dragon.
The acid dragon is severely wounded.
Aiming: Iceblast
Press: ? - help, Shift-Dir - straight line The mass of ice explodes!
The iceblast engulfs the acid dragon!
The acid dragon is almost dead.
The acid dragon spits acid at you. The splash of acid hits you!!
You die...
Your body crumbles into a pile of gold.

################
##..............#
................#
................#
................#######
...............D@.....#
.......................>
########................
$$$ # #...#########+###
$ $ # #...# $$$ # #...#
# #...# # #...+ # #...#


You could see an acid dragon (catching breath).

Vanquished Creatures
  Pikel (D:5)
  Joseph (D:7)
  A hornet (D:7)
  Grinder (D:5)
  Sigmund (D:2)
  3 yaks (D:6)
  Eustachio (D:3)
  Menkaure (D:7)
  An orc warrior (D:4)
  2 ice beasts
  A sky beast (D:6)
  3 ogres
  2 centaurs
  2 elf zombies (Ossuary)
  3 bullfrogs
  2 necrophages
  2 scorpions
  3 wights (D:7)
  3 howler monkeys
  3 centaur zombies (Ossuary)
  A jelly (D:6)
  3 hounds
  2 human zombies (Ossuary)
  5 orc priests
  2 gnoll shamans
  3 iguanas
  3 orc wizards
  2 hound zombies (Ossuary)
  3 mummies (Ossuary)
  Robin (D:4)
  10 gnolls
  8 adders
  A shadow imp (D:6)
  A white imp (D:5)
  6 ufetubi
  6 adder zombies (Ossuary)
  4 dart slugs (D:1)
  10 orcs
  5 ball pythons
  4 bats
  8 endoplasms
  2 giant cockroaches (D:1)
  A gnoll zombie (Ossuary)
  11 hobgoblins
  5 quokkas
  4 frilled lizards
  13 goblins
  A goblin zombie (Ossuary)
  A hobgoblin zombie (Ossuary)
  4 jackal zombies (Ossuary)
  3 kobolds
  6 kobold zombies (Ossuary)
  4 orc zombies (Ossuary)
  2 quokka zombies (Ossuary)
  5 rats
  3 rat zombies (Ossuary)
190 creatures vanquished.

Vanquished Creatures (collateral kills)
  An orc (D:4)
1 creature vanquished.

Vanquished Creatures (others)
  An orc (D:4)
  A fungus (D:8)
  3 toadstools (D:8)
5 creatures vanquished.

Grand Total: 196 creatures vanquished

Notes
Turn   | Place    | Note
-------+----------+-------------------------------------------
     0 | D:1      | holysushi the Octopode Artificer began the quest for the
                  | Orb.
     0 | D:1      | Reached XP level 1. HP: 13/13 MP: 1/1
   341 | D:1      | Reached XP level 2. HP: 17/19 MP: 2/2
   718 | D:1      | Found a faded altar of an unknown god.
   938 | D:1      | Reached skill level 1 in Short Blades
  1079 | D:1      | Reached XP level 3. HP: 21/24 MP: 3/3
  1817 | D:2      | Noticed Sigmund
  1834 | D:2      | Killed Sigmund
  1835 | D:2      | Reached skill level 5 in Short Blades
  1835 | D:2      | Reached XP level 4. HP: 20/29 MP: 4/4
  1835 | D:2      | Reached XP level 5. HP: 24/34 MP: 5/5
  2075 | D:2      | Found a glowing silver altar of Zin.
  2328 | D:3      | Reached XP level 6. HP: 39/39 MP: 6/6
  2488 | D:3      | Found a sacrificial altar of Ru.
  2488 | D:3      | Found a radiant altar of Vehumet.
  2488 | D:3      | Found a snail-covered altar of Cheibriados.
  2493 | D:3      | Found a glowing silver altar of Zin.
  2495 | D:3      | Found a hazy altar of Hepliaklqana.
  2496 | D:3      | Found a broken altar of Ashenzari.
  2499 | D:3      | Found a shadowy altar of Dithmenos.
  2504 | D:3      | Found a sparkling altar of Nemelex Xobeh.
  2505 | D:3      | Found a shimmering altar of Xom.
  2925 | D:4      | Noticed Eustachio
  2928 | D:4      | Noticed Robin
  2940 | D:3      | Killed Eustachio
  2941 | D:3      | Reached XP level 7. HP: 13/45 MP: 7/7
  3342 | D:4      | Killed Robin
  4558 | D:4      | Found an iron altar of Okawaru.
  4915 | D:4      | Found a staircase to the Ecumenical Temple.
  4955 | D:4      | Reached XP level 8. HP: 50/50 MP: 8/8
  4966 | D:4      | Found a bloodstained altar of Trog.
  5200 | Temple   | Entered the Ecumenical Temple
  5333 | Temple   | Became a worshipper of Gozag Ym Sagoz the Greedy
  5377 | D:5      | Entered Level 5 of the Dungeon
  5496 | D:5      | Found an ancient bone altar of Kikubaaqudgha.
  5547 | D:5      | Found Doceh's Book Shop.
  5645 | D:5      | Noticed Grinder
  5662 | D:5      | Paralysed by Grinder for 4 turns
  5669 | D:5      | Killed Grinder
  5670 | D:5      | Reached skill level 5 in Dodging
  5722 | D:5      | Found a sand-covered staircase.
  5726 | Ossuary  | Entered an ossuary
  7045 | D:5      | Found Jull's General Store.
  7061 | D:5      | Bought a scroll of identify for 26 gold pieces
  7061 | D:5      | Bought a scroll of identify for 26 gold pieces
  7061 | D:5      | Bought a scroll of enchant weapon for 97 gold pieces
  7061 | D:5      | Bought a scroll of noise for 13 gold pieces
  7070 | D:5      | Identified a scroll of acquirement
  7070 | D:5      | Acquired a +6 quick blade
  7248 | D:6      | Reached XP level 9. HP: 54/54 MP: 9/9
  7251 | D:6      | Noticed Pikel
  7279 | D:5      | Killed Pikel
  8566 | D:7      | Reached XP level 10. HP: 61/63 MP: 10/10
  8645 | D:7      | Reached skill level 5 in Stealth
  8766 | D:7      | Noticed Joseph
  8777 | D:7      | Killed Joseph
  8982 | D:7      | Noticed a +0 dagger
  8988 | D:7      | Noticed a +4 dagger
  8991 | D:7      | Found a hide-covered altar of Uskayaw.
  9558 | D:7      | Noticed Menkaure
  9566 | D:7      | Killed Menkaure
  9572 | D:7      | Reached skill level 5 in Fighting
 10193 | D:8      | Found Tejabas's Distillery.
 10201 | D:8      | Bought a potion of invisibility for 104 gold pieces
 10357 | D:8      | Found Alorar's Magic Scroll Shop.
 10404 | D:8      | Found Pyoghaugom's Jewellery Boutique.
 10407 | D:8      | Bought a scroll of enchant weapon for 105 gold pieces
 10953 | D:9      | Killed from afar by an acid dragon

Illustrated notes

Levels and vault maps discovered:
D:1:      dpeg_arrival_line_fractal, layout_basic,
          chequers_ecumenical_altar_simple
D:2:      layout_loops_ring, basic_altar, chequers_serial_rivers_small_3,
          guppyfry_early_lair_pool, uniq_sigmund
D:3:      layout_basic, nicolae_overflow_hallway_of_the_gods
D:4:      layout_rooms, mainiacjoe_overflow_24_doors,
          mainiacjoe_overflow_catwalk, temple_doors_cd, hex_intersection,
          uniq_robin, uniq_eustachio
D:5:      layout_loops_cross, mainiacjoe_overflow_surrounded_room, serial_shops,
          shop_fountains, nicolae_shop_hallway_stairs,
          nicolae_ossuary_entry_plus, uniq_grinder
D:6:      layout_loops_ring, hangedman_abyss_or_decor_stagger, grunt_tough_drop,
          uniq_pikel
D:7:      layout_layer_cave, dancing_weapons_uskayaw, uniq_joseph, uniq_menkaure
D:8:      layout_loops_ring, serial_shops, shop_statue, shop,
          nicolae_shop_statue_plus, minmay_gold_behind_fungi
D:9:      layout_irregular_city, serial_shops, shop_coins,
          hellmonk_guarded_unrand_gong, uniq_harold, uniq_maurice
Temple:   nicolae_temple_figure_zero

Skill      XL: |  1  2  3  4  5  6  7  8  9 10 |
---------------+-------------------------------+-----
Fighting       | 2 4 5 |  5.2
Short Blades   | 1 5 6 7 9 |  9.5
Dodging        | 4 6 8 9 |  9.9
Stealth        | 4 6 |  6.0
Evocations     | |  3.2

Action                   |  1- 3 |  4- 6 |  7- 9 | 10-12 || total
-------------------------+-------+-------+-------+-------++-------
Melee: Unarmed           |    22 |       |       |       ||    22
       Tentacles         |    17 |    12 |    85 |    32 ||   146
       Constrict         |    14 |     7 |    68 |    19 ||   108
       Dagger            |    57 |    19 |       |       ||    76
       Rapier            |       |     8 |   214 |       ||   222
       Punch             |       |     1 |     5 |       ||     6
       Quick blade       |       |       |    92 |    84 ||   176
Invok: Call Merchant     |       |       |       |     1 ||     1
Evoke: Wand              |     4 |       |     9 |     3 ||    16
  Use: Scroll            |       |     5 |    15 |       ||    20
       Potion            |       |       |     2 |       ||     2
 Stab: Sleeping          |    18 |     3 |    14 |     2 ||    37
       Distracted        |       |       |     2 |       ||     2
Armor: Skin              |     5 |     1 |     8 |       ||    14
Dodge: Dodged            |    38 |    10 |   191 |    25 ||   264

Table legend: (Time is in decaauts)
 A = Elapsed time spent in this place.
 B = Non-inter-level travel time spent in this place.
 C = Inter-level travel time spent in this place.
 D = Time resting spent in this place.
 E = Time spent auto-exploring this place.
 F = Levels seen in this place.
 G = Mean time per level.
                   A        B        C        D        E       F      G
               +--------+--------+--------+--------+--------+-----+--------+
         Total |  10771 |  10416 |    355 |   2713 |   5711 |  11 |  979.2 |
       Dungeon |   9811 |   9485 |    326 |   2477 |   5244 |   9 | 1090.1 |
        Temple |    145 |    116 |     29 |      0 |    113 |   1 |  145.0 |
       Ossuary |    814 |    814 |      0 |    236 |    354 |   1 |  814.0 |
               +--------+--------+--------+--------+--------+-----+--------+

Top non-repeatable levels by time:
     D:3: 2050 daAuts
     D:7: 1562 daAuts
     D:1: 1556 daAuts
     D:5: 1146 daAuts
     D:6: 1086 daAuts
     D:4: 880 daAuts
 Ossuary: 814 daAuts
     D:8: 727 daAuts
     D:2: 726 daAuts
  Temple: 145 daAuts
     D:9: 76 daAuts
